Map: Blackpink LE

Players

Desaterror

  • Race: Zerg Zerg
  • League: Platinum
  • Spawn Location: 1:00

Kozzy - Winner!

  • Race: Protoss Protoss
  • League: Gold
  • Spawn Location: 7:00

VOD

Have the link to the VOD?

Description

Time

  • Played on: April 12, 2018, 4:23 a.m.
  • Length: 7:22
Show
View Real Time Build Order
Export as new Build Order

Desaterror Zerg 

Build Orders: 3 Hatch before Pool 

Get SALT Encoding   

  12  0:02  Drone  
  13  0:13  Overlord  
  13  0:19  Drone  
  14  0:31  Drone  
  14  0:32  Drone  
  16  0:36  Drone  
  17  0:50  Drone  
  18  1:01  Hatchery  
  17  1:19  Hatchery  
  17  1:21  Drone  
  18  1:25  Drone  
  18  1:36  Extractor  
  17  1:40  Spawning Pool  
  17  1:41  Drone  
  17  1:45  Drone  
  18  1:48  Drone  
  19  2:06  Drone  
  20  2:11  Drone  
  21  2:27  Extractor, Queen x2  
  24  2:31  Queen  
  24  2:34  Drone x2  
  28  2:37  Drone  
  28  2:42  Drone x2  
  31  2:47  Drone  
  32  2:56  Roach Warren  
  31  2:59  Drone  
  32  3:08  Lair  
  32  3:15  Drone x2  
  34  3:20  Overlord  
  34  3:25  Overlord  
  34  3:43  Drone  
  34  3:44  Drone x5  
  34  3:45  Drone  
  34  3:46  Drone  
  42  3:49  Drone  
  42  3:51  Drone  
  44  3:59  Drone  
  44  4:00  Drone  
  46  4:07  Drone x2  
  46  4:09  Roach  
  50  4:13  Overlord  
  50  4:16  Overlord  
  50  4:18  Overlord  
  50  4:21  Extractor  
  49  4:25  Evolution Chamber  
  49  4:26  Drone x2  
  49  4:27  Glial Reconstitution  
  50  4:32  Drone  
  50  4:33  Drone x2  
  53  4:43  Roach x4  
  53  4:44  Roach  
  63  4:53  Evolution Chamber  
  63  4:55  Hydralisk Den, Zerg Missile Weapons Level 1  
  61  5:01  Drone  
  61  5:02  Drone x2  
  64  5:08  Drone  
  64  5:11  Queen x2  
  64  5:13  Queen  
  71  5:25  Roach  
  71  5:28  Overlord  
  73  5:30  Overlord  
  73  5:31  Overlord  
  73  5:45  Overlord  
  73  5:46  Overlord x3  
  73  5:48  Hydralisk x4  
  77  5:58  Hydralisk x2  
  77  5:59  Hydralisk  
  78  6:04  Ravager x2  
  78  6:09  Roach  
  78  6:10  Roach x4  
  68  6:20  Zergling x10  
  57  6:28  Hydralisk  
  49  6:40  Zergling x10  
  47  6:52  Roach  
  47  6:53  Roach x2  
Show
View Real Time Build Order
Export as new Build Order

Kozzy Protoss - Winner!

Build Orders:  

Get SALT Encoding   

  12  0:04  Probe  
  13  0:16  Probe  
  14  0:26  Pylon  
  14  0:29  Probe  
  15  0:43  Assimilator  
  15  0:44  Probe  
  16  0:52  Gateway  
  16  1:07  Probe (Chrono Boost)  
  18  1:18  Probe (Chrono Boost)  
  18  1:23  Probe (Chrono Boost)  
  19  1:33  Pylon, Probe  
  19  1:39  Zealot  
  22  1:46  Cybernetics Core  
  22  1:48  Forge  
  22  1:52  Pylon  
  22  2:26  Warp Gate  
  22  2:27  Stalker, Robotics Facility  
  24  2:32  Gateway  
  24  2:38  Pylon  
  24  2:51  Shield Battery  
  24  2:56  Photon Cannon  
  24  3:20  Immortal  
  28  3:33  Gateway, Protoss Ground Weapons Level 1 (Chrono Boost)  
  28  3:35  Pylon  
  28  3:47  Pylon  
  28  3:57  Zealot  
  30  4:16  Immortal (Chrono Boost)  
  34  4:24  Pylon  
  34  4:31  Pylon  
  34  4:43  Zealot x2  
  34  4:44  Zealot  
  40  4:52  Immortal (Chrono Boost)  
  44  5:04  Zealot x2  
  48  5:10  Zealot  
  50  5:27  Immortal (Chrono Boost)  
  54  5:42  Zealot x2  
  52  6:13  Zealot  
  52  6:14  Zealot x2  
  54  6:32  Immortal (Chrono Boost)  
  52  7:04  Zealot x3  
Tags
 
Add a new tag
Caveats
  • Supply blocks, unpowered buildings, or Contaminate may cause inaccurate times.
  • Supply counts are checked every 10 seconds.